 Dungeon Crawl Stone Soup version 0.19.0 (webtiles) character file.

70 CanadianGator the Charmwright (level 4, -1/30 HPs)
             Began as a High Elf Skald on Nov 17, 2016.
             Slain by a gnoll
             ... wielding a +0 spear
              (4 damage)
             ... on level 2 of the Dungeon.
             The game lasted 00:04:47 (1472 turns).

CanadianGator the Charmwright (High Elf Skald)      Turns: 1472, Time: 00:04:49

Health: -1/30      AC:  6    Str: 11    XL:     4   Next: 3%
Magic:  4/9        EV: 11    Int: 16    God:
Gold:   78         SH:  0    Dex: 15    Spells: 2 memorised, 5 levels left

rFire  . . .     SeeInvis .     a - +0 falchion
rCold  . . .     Gourm    .     h - +0 ring mail
rNeg   . . .     Faith    .     (no shield)
rPois  .         Spirit   .     i - +0 helmet
rElec  .         Reflect  .     (no cloak)
rCorr  .         Harm     +     (no gloves)
MR     .....                    (no boots)
Stlth  +.........               k - amulet of harm
                                (no ring)
                                (no ring)

@: singing, very slightly contaminated
A: no striking features
a: Stop Singing


You were on level 2 of the Dungeon.
You were very hungry.

You visited 1 branch of the dungeon, and saw 2 of its levels.

You collected 78 gold pieces.

Inventory:

Hand Weapons
 a - a +0 falchion (weapon)
Armour
 b - a +0 leather armour
 h - a +0 ring mail (worn)
 i - a +0 helmet (worn)
Jewellery
 k - an amulet of harm (around neck)
Scrolls
 e - a scroll of magic mapping {unknown}
 f - 2 scrolls of identify {unknown}
Potions
 g - a potion of haste {unknown}
 j - a potion of ambrosia {unknown}
 l - a potion of magic {unknown}
Books
 c - a book of Battle

   Spells                             Type                      Level
   a - Infusion                       Charms                       1
   b - Shroud of Golubria             Charms/Translocation         2
   c - Song of Slaying                Charms                       2
   d - Spectral Weapon                Hexes/Charms                 3
   e - Regeneration                   Charms/Necromancy            3
Comestibles
 d - 2 bread rations


   Skills:
 + Level 2.5 Fighting
 * Level 3.5 Long Blades
 + Level 1.2 Armour
 * Level 2.0 Dodging
 + Level 2.7 Spellcasting
 + Level 4.0 Charms


You had 5 spell levels left.
You knew the following spells:

 Your Spells              Type           Power        Failure   Level  Hunger
a - Infusion              Chrm           ###.         12%         1    #......
b - Song of Slaying       Chrm           ###.....     14%         2    ##.....


Dungeon Overview and Level Annotations

Branches:
Dungeon (2/15)

Altars:


Message History

You hit the frilled lizard.
You kill the frilled lizard!
The gnoll hits you from afar with a spear.
You hit the kobold.
The kobold is severely wounded.
The kobold hits you with a whip. The gnoll closely misses you.
The kobold closely misses you.
You hit the kobold.
You kill the kobold!
The gnoll hits you but does no damage.
The gnoll hits you from afar with a spear.
* * * LOW HITPOINT WARNING * * *
The gnoll closely misses you.
You hit the gnoll.
The gnoll is moderately wounded.
The gnoll hits you from afar with a spear.
* * * LOW HITPOINT WARNING * * *
The gnoll hits you but does no damage.
The gnoll hits you from afar with a spear.
You die...

...(...## #...### #
..%..>..# #.....# #
........# #.###.# ##
......gg# #.# #.## #.
......l.#####.# #..## #.
......K.....#.####..#####.
.......(###...†####.#...(.
.......(##............##.#
###....gg@...............#
#....g#####..........###
#...... ##...........#
####### #.........>..#
#.......(....#
...#.........##
.####.......## ####.##.#
#....##


You could see 3 gnolls.

Vanquished Creatures
  3 adders (D:2)
  2 worms (D:2)
  3 leopard geckos
  6 bats
  2 giant cockroaches
  4 goblins
  4 hobgoblins
  A frilled lizard (D:2)
  5 kobolds
  6 rats
36 creatures vanquished.

Notes
Turn   | Place    | Note
-------+----------+-------------------------------------------
     0 | D:1      | CanadianGator the High Elf Skald began the quest for the Orb.
     0 | D:1      | Reached XP level 1. HP: 14/14 MP: 4/4
   307 | D:1      | Reached skill level 1 in Armour
   307 | D:1      | Reached XP level 2. HP: 10/19 MP: 6/6
   311 | D:1      | Learned a level 2 spell: Song of Slaying
   990 | D:2      | Reached XP level 3. HP: 20/25 MP: 8/8
  1295 | D:2      | Reached skill level 4 in Charms
  1468 | D:2      | Reached XP level 4. HP: 20/30 MP: 4/9
  1472 | D:2      | Slain by a gnoll

Skill      XL: |  1  2  3 |
---------------+----------+-----
Armour         | 1 |  1.2
Long Blades    | 3 |  3.5
Dodging        | 2 |  2.0
Charms         | 4 |  4.0
Fighting       | |  2.5
Spellcasting   | |  2.7

Action                   |  1- 3 |  4- 6 || total
-------------------------+-------+-------++-------
Melee: Falchion          |   101 |     4 ||   105
 Cast: Song of Slaying   |     1 |       ||     1
  Eat: Chunk             |     1 |       ||     1
Armor: Leather armour    |    20 |       ||    20
       Ring mail         |    31 |     2 ||    33
Dodge: Dodged            |    69 |     3 ||    72
       Rpst.: Falchion   |    24 |       ||    24
